 Dungeon Sprint DCSS version 0.29-a0-512-gf59ac788ac (webtiles) character file.

Game seed: 7786952725592153532

279599 mhtbhm the Brawler (level 12, 171/171 HPs)
             Began as a Troll Transmuter on May 30, 2022.
             Was an Initiate of Gozag.
             Escaped with the Orb!
             The game lasted 00:18:08 (5228 turns).

mhtbhm the Brawler (Troll Transmuter)               Turns: 5228, Time: 00:18:08

Health: 171/171    AC: 20    Str: 31    XL:     12   Next: 90%
Magic:  25/25      EV: 10    Int: 13    God:    Gozag
Gold:   1531       SH:  5    Dex: 10    Spells: 4/32 levels left

rFire   + + .      SeeInvis +     - Unarmed
rCold   x . .      Faith    .   (shield currently unavailable)
rNeg    . . .      Spirit   .   (body armour currently unavailable)
rPois   +          Reflect  +   (helmet currently unavailable)
rElec   .          Harm     .   (cloak currently unavailable)
rCorr   .          Rampage  .   (gloves unavailable)
Will    .....      NoTele   +   (boots unavailable)
Stlth   +.........              s - amulet of reflection
HPRegen 1.18/turn               k - ring of see invisible
MPRegen 0.19/turn               A - +4 ring of protection

@: dragon-form, wereblooded, flying
A: dragon claw, dragon scales, breathe fire, flying, boosted hp, giant,
unfitting armour, (claws 3), regeneration 1, (shaggy fur 1), (tough skin 1)
0: Orb of Zot
a: Breathe Fire, End Transformation, Renounce Religion, Potion Petition, Call
Merchant, Bribe Branch


You escaped.
You worshipped Gozag.
Gozag was most pleased with you.
You were a fearsome dragon!
You visited 1 branch You collected 14762 gold pieces.
You spent 3663 gold pieces at shops.
You paid 9568 gold pieces to Gozag.

Inventory:

Missiles
 e - 3 curare-tipped darts (quivered)
 y - 6 javelins
Armour
 a - a +0 robe (melded)
 D - a +2 cloak of willpower (melded)
Jewellery
 c - a ring of protection from fire
 k - a ring of see invisible (left foreclaw)
 s - an amulet of reflection (around neck)
 z - a ring of ice
 A - a +4 ring of protection (right foreclaw)
Wands
 g - a wand of flame (7)
 n - a wand of digging (1)
Scrolls
 h - 3 scrolls of fear
 j - a scroll of enchant armour
 q - 2 scrolls of blinking
 r - a scroll of summoning
 u - 4 scrolls of fog
 v - a scroll of poison {unknown}
 x - 2 scrolls of immolation
Potions
 b - a potion of lignification
 d - a potion of degeneration {unknown}
 f - 2 potions of magic
 i - 5 potions of curing
 l - a potion of flight {unknown}
 m - 5 potions of mutation
 o - a potion of attraction {unknown}
 t - 3 potions of resistance
 w - a potion of berserk rage
 B - 2 potions of heal wounds
Miscellaneous
 p - a tin of tremorstones (2/2)


   Skills:
 + Level 6.2 Fighting
 + Level 11.0 Dodging
 - Level 3.5 Stealth
 - Level 1.0 Shields
 + Level 19.5 Unarmed Combat
 + Level 10.6 Spellcasting
 + Level 13.0 Transmutations
 + Level 4.7 Ice Magic
 + Level 0.8 Poison Magic
 + Level 2.5 Evocations


You had 4 spell levels left.
You knew the following spells:

 Your Spells              Type           Power      Damage    Failure   Level
a - Beastly Appendage     Tmut           80%        N/A       1%          1
b - Wereblood             Tmut           40%        N/A       1%          2
c - Spider Form           Tmut/Pois      24%        N/A       1%          3
d - Ice Form              Ice/Tmut       30%        N/A       2%          4
e - Blade Hands           Tmut           20%        N/A       1%          5
f - Dragon Form           Tmut           20%        N/A       38%         7
g - Statue Form           Tmut/Erth      15%        N/A       73%         6

Your spell library contained the following spells:

 Spells                   Type           Power      Damage    Failure   Level
 Foxfire                  Conj/Fire      24%        2x1d5     11%         1
 Scorch                   Fire           12%        2d6       16%         2
 Call Canine Familiar     Summ           6%         N/A       30%         3
 Portal Projectile        Hex/Tloc       12%        N/A       30%         3
 Summon Guardian Golem    Hex/Summ       6%         N/A       30%         3
 Animate Armour           Summ/Erth      12%        N/A       71%         4
 Dispel Undead            Necr           6%         3d8       71%         4
 Leda's Liquefaction      Hex/Erth       3%         N/A       71%         4
 Irradiate                Conj/Tmut      11%        3d17      21%         5
 Fireball                 Conj/Fire      3%         3d4       96%         5
 Lee's Rapid Deconstruct  Erth           3%         3d6*      96%         5
 Death Channel            Necr           3%         N/A       100%        6
 Iron Shot                Conj/Erth      3%         9d2       100%        6
 Orb of Destruction       Conj           3%         9d5       100%        7
 Spellforged Servitor     Conj/Summ      3%         N/A       100%        7
 Corpse Rot               Necr/Pois/Air  Unusable   N/A       N/A         4

Dungeon Overview and Level Annotations

Branches:
Dungeon (1/1)

Altars:
Cheibriados
Dithmenos
Elyvilon
Fedhas
Gozag
Hepliaklqana
Kikubaaqudgha
Makhleb
Nemelex Xobeh
Okawaru
Qazlal
Ru
Sif Muna
Trog
Uskayaw
Vehumet
Wu Jian
Xom
Yredelemnul
Zin
The Shining One
Jiyva
Lugonu

Shops:
D =[([(?*[[?*!=***(([:[*?![

Annotations:
D Tiamat


Innate Abilities, Weirdness & Mutations

You are a fearsome dragon!
You have a powerful clawing attack.
Your giant scaled body is strong and resiliant, but less evasive.
You can breathe fire.
You are flying.
Your maximum health is greatly increased.
Your armour is entirely melded.
You are incapable of wielding weapons or throwing items.
You are too large for most types of armour.
((You have claws for hands.))
Your natural rate of healing is unusually fast.
((You are covered in fur. (AC +1)))
((You have tough skin. (AC +1)))


Message History

Now all you have to do is get back out of the dungeon!
You hear a roar!
Something screams, "Decamp, thou bawdy flat-headed vulture!"
You feel yourself speed up. Tiamat breathes lightning at you.
The bolt of lightning misses you. x2
Things that are here:
a +0 great sword of flaming; a +0 great sword of flaming You see here a +1 great sword of flaming.
You see here a +2 great sword of flaming.
There is an open door here.
Okay, then.
Things that are here:
a +0 tower shield; a +2 long sword of holy wrath
There is an open door, spattered with blood here.
There is an open door, spattered with blood here.
Casting: Dragon Form (dangerous; 38% risk of failure)
Confirm with . or Enter, or press ? or * to list all spells.
Your blood is infused with primal strength.
Really fly into a travel-excluded area?
There is an open door, spattered with blood here.
There is an open door here.
You see here a +0 mace.
Your extra speed is starting to run out.
Things that are here:
a +0 robe; a +0 dagger
There is an open door here.
There is an open door here.
You feel yourself slow down.
There is a viscous altar of Jiyva here.
There is an open door here.
There is an open door here.
There is an open door here.
There is an open door, spattered with blood here.
You see here a +0 giant club.
Things that are here:
a +0 ring mail; a +0 dagger
There is an open door here.
There is a staircase leading out of the dungeon here.
You have escaped!

##################
#D.#..)..#.['..#__
#..'[.#..'..#..'..
#..#####'#####'#__
#..####..#...#.###
#..#__####..##§#§§
#..#_____##'#_.§§≈
#⌠⌠#_.∩...'..._#§§
#..._..__##_.#'##§
#..#_____###)#.#..


There were no monsters in sight!

Vanquished Creatures
  the Lernaean hydra (D)
  A golden dragon (D)
  A deep elf master archer (D)
  A shadow dragon (D)
  A daeva (D)
  4 fire giants (D)
  A lorocyproca (D)
  A deep elf annihilator (D)
  A mummy priest (D)
  A hydra (D)
  2 centaur warriors (D)
  Sonja (D)
  A deep troll (D)
  A lindwurm (D)
  2 oklob plants (D)
  2 merfolk sirens (D)
  2 gargoyles (D)
  4 demonic crawlers (D)
  7 unseen horrors (D)
  2 kobold demonologists (D)
  A hellwing (D)
  A meliai (D)
  5 hornets (D)
  A slime creature (D)
  Sigmund (D)
  A yak (D)
  13 hogs (D)
  2 redbacks (D)
  3 floating eyes (D)
  An ogre (D)
  7 necrophages (D)
  8 jellies (D)
  Ijyb (D)
82 creatures vanquished.

Vanquished Creatures (others)
  2 ballistomycete spores (D)
2 creatures vanquished.

Grand Total: 84 creatures vanquished

Notes
Turn   | Place    | Note
-------+----------+-------------------------------------------
     0 | D        | mhtbhm the Troll Transmuter began the quest for the Orb.
     0 | D        | Reached XP level 1. HP: 18/18 MP: 1/1
     3 | D        | Noticed Ijyb
     6 | D        | Killed Ijyb
     7 | D        | Reached skill level 5 in Unarmed Combat
     7 | D        | Reached XP level 2. HP: 24/26 MP: 0/3
    53 | D        | Learned a level 2 spell: Wereblood
   301 | D        | Noticed an ogre
   305 | D        | Killed an ogre
   306 | D        | Reached skill level 6 in Unarmed Combat
   306 | D        | Reached XP level 3. HP: 32/32 MP: 0/6
   306 | D        | Reached XP level 4. HP: 40/40 MP: 0/7
   309 | D        | Noticed Sigmund
   317 | D        | Killed Sigmund
   318 | D        | Reached skill level 8 in Unarmed Combat
   318 | D        | Reached XP level 5. HP: 46/46 MP: 1/9
   389 | D        | Learned a level 3 spell: Spider Form
   394 | D        | Learned a level 4 spell: Ice Form
   407 | D        | Found an ornate altar of the Wu Jian Council.
   407 | D        | Found a shimmering blue altar of Sif Muna.
   409 | D        | Found a radiant altar of Vehumet.
   415 | D        | Reached skill level 1 in Stealth
   415 | D        | Reached skill level 9 in Unarmed Combat
   415 | D        | Reached XP level 6. HP: 45/54 MP: 7/10
   466 | D        | Found Qoqygiale's Armour Emporium.
   466 | D        | Found an ancient bone altar of Kikubaaqudgha.
   466 | D        | Found a hazy altar of Hepliaklqana.
   466 | D        | Found a stormy altar of Qazlal.
   466 | D        | Found a hide-covered altar of Uskayaw.
   466 | D        | Found a blossoming altar of Fedhas.
   466 | D        | Found a bloodstained altar of Trog.
   466 | D        | Found an iron altar of Okawaru.
   466 | D        | Found a basalt altar of Yredelemnul.
   466 | D        | Found a glowing golden altar of the Shining One.
   466 | D        | Found a snail-covered altar of Cheibriados.
   466 | D        | Found a sacrificial altar of Ru.
   466 | D        | Found a glowing silver altar of Zin.
   466 | D        | Found a shadowy altar of Dithmenos.
   466 | D        | Found a white marble altar of Elyvilon.
   466 | D        | Noticed a yak
   470 | D        | Killed a yak
   471 | D        | Reached skill level 5 in Transmutations
   471 | D        | Found an opulent altar of Gozag.
   472 | D        | Found a sparkling altar of Nemelex Xobeh.
   479 | D        | Became a worshipper of Gozag Ym Sagoz the Greedy
   503 | D        | Found a burning altar of Makhleb.
   503 | D        | Found a viscous altar of Jiyva.
   503 | D        | Found a shimmering altar of Xom.
   503 | D        | Found a corrupted altar of Lugonu.
   503 | D        | Noticed a slime creature
   510 | D        | Killed a slime creature
   511 | D        | Reached skill level 5 in Dodging
   511 | D        | Reached skill level 10 in Unarmed Combat
   511 | D        | Reached XP level 7. HP: 59/61 MP: 9/12
   519 | D        | Noticed a kobold demonologist
   519 | D        | Noticed a kobold demonologist
   530 | D        | Noticed an orange demon
   532 | D        | Killed a kobold demonologist
   533 | D        | Reached skill level 1 in Fighting
   533 | D        | Reached skill level 11 in Unarmed Combat
   533 | D        | Reached skill level 5 in Spellcasting
   533 | D        | Killed a kobold demonologist
   534 | D        | Reached XP level 8. HP: 60/70 MP: 10/15
   714 | D        | Noticed Sonja
   722 | D        | Killed Sonja
   723 | D        | Reached skill level 12 in Unarmed Combat
   744 | D        | Found Porphoof's Jewellery Boutique.
   860 | D        | Noticed a deep troll
   864 | D        | Killed a deep troll
   865 | D        | Reached XP level 9. HP: 80/80 MP: 9/17
   874 | D        | Found Pyrog's Armour Emporium.
  1054 | D        | Noticed a centaur warrior
  1054 | D        | Noticed a centaur warrior
  1063 | D        | Killed a centaur warrior
  1064 | D        | Reached skill level 13 in Unarmed Combat
  1064 | D        | Reached skill level 1 in Ice Magic
  1071 | D        | Killed a centaur warrior
  1253 | D        | Noticed an oklob plant
  1262 | D        | Killed an oklob plant
  1263 | D        | Reached skill level 1 in Evocations
  1263 | D        | Reached XP level 10. HP: 92/92 MP: 17/19
  1278 | D        | Reached skill level 14 in Unarmed Combat
  1467 | D        | Found Myqaewna's Antique Armour Shoppe.
  1467 | D        | Found Venuf's Weapon Shop.
  1467 | D        | Found Xutez's Antique Weapon Boutique.
  1469 | D        | Found Laniguz's Magic Scroll Emporium.
  1469 | D        | Found Huzaun's General Store.
  1469 | D        | Found Naih's Antique Armour Shoppe.
  1469 | D        | Found Ilugotimp's General Store.
  1469 | D        | Found Uhuox's Jewellery Emporium.
  1469 | D        | Found Deggid's General Store.
  1469 | D        | Found Bizudib's Weapon Shoppe.
  1473 | D        | Found Bihy's Antique Weapon Boutique.
  1474 | D        | Found Oselu's Book Emporium.
  1474 | D        | Found Jodwial's Armour Boutique.
  1475 | D        | Bought a scroll of blinking for 90 gold pieces
  1475 | D        | Bought a book of Transfigurations for 480 gold pieces
  1481 | D        | Learned a level 5 spell: Blade Hands
  1489 | D        | Learned a level 7 spell: Dragon Form
  1489 | D        | Found Iluecseoty's Magic Scroll Emporium.
  1491 | D        | Bought a potion of might for 56 gold pieces
  1492 | D        | Bought an amulet of reflection for 390 gold pieces
  1498 | D        | Bought a potion of curing for 33 gold pieces
  1498 | D        | Bought a potion of curing for 33 gold pieces
  1503 | D        | Bought a scroll of blinking for 105 gold pieces
  1503 | D        | Bought a scroll of magic mapping for 49 gold pieces
  1505 | D        | Bought a scroll of fear for 49 gold pieces
  1505 | D        | Bought 2 scrolls of fog for 56 gold pieces
  1507 | D        | Identified a scroll of acquirement
  1509 | D        | Acquired 906 gold pieces
  1519 | D        | Bought a book of the Earth for 360 gold pieces
  1525 | D        | Bought a ring of protection from fire for 325 gold pieces
  1647 | D        | Reached skill level 15 in Unarmed Combat
  1647 | D        | Noticed a gargoyle
  1653 | D        | Killed a gargoyle
  1671 | D        | Noticed a lindwurm
  1675 | D        | Killed a lindwurm
  1676 | D        | Reached skill level 5 in Fighting
  1751 | D        | Reached skill level 16 in Unarmed Combat
  1751 | D        | Reached skill level 10 in Transmutations
  1752 | D        | Reached XP level 11. HP: 94/102 MP: 12/21
  1785 | D        | Reached skill level 1 in Shields
  1857 | D        | Noticed a lorocyproca
  1870 | D        | Killed a lorocyproca
  2202 | D        | Noticed a daeva
  2227 | D        | Reached skill level 17 in Unarmed Combat
  2248 | D        | Killed a daeva
  2663 | D        | Noticed a fire giant
  2664 | D        | Noticed a fire giant
  2666 | D        | Noticed a fire giant
  2666 | D        | Noticed a fire giant
  2668 | D        | Killed a fire giant
  2671 | D        | Killed a fire giant
  2675 | D        | Killed a fire giant
  2679 | D        | Killed a fire giant
  2680 | D        | Reached XP level 12. HP: 111/111 MP: 18/24
  2709 | D        | Found the +4 dragonskin cloak
  2709 | D        | Noticed Tiamat
  2752 | D        | Noticed a 12-headed hydra
  2875 | D        | Killed a 13-headed hydra
  2896 | D        | Noticed a shadow dragon
  2896 | D        | Noticed a golden dragon
  2901 | D        | Killed a shadow dragon
  2902 | D        | Reached skill level 10 in Dodging
  2902 | D        | Reached skill level 18 in Unarmed Combat
  2905 | D        | Killed a golden dragon
  3075 | D        | Found Wirotros's Antique Armour Shoppe.
  3364 | D        | Noticed a deep elf annihilator
  3371 | D        | Reached skill level 10 in Spellcasting
  3372 | D        | Killed a deep elf annihilator
  3383 | D        | Noticed a mummy priest
  3391 | D        | Killed a mummy priest
  3392 | D        | Reached skill level 19 in Unarmed Combat
  3546 | D        | Learned a level 6 spell: Statue Form
  3556 | D        | Noticed the 27-headed Lernaean hydra
  3594 | D        | Killed the 27-headed Lernaean hydra
  3660 | D        | Noticed a deep elf master archer
  3912 | D        | Killed a deep elf master archer
  4645 | D        | Got the Guide on Malediction and the Volcanoes
  5010 | D        | Bought a potion of heal wounds for 135 gold pieces
  5010 | D        | Bought a scroll of identify for 54 gold pieces
  5010 | D        | Bought a grey potion for 24 gold pieces
  5014 | D        | Bought a scroll of identify for 46 gold pieces
  5016 | D        | Bought a potion of heal wounds for 55 gold pieces
  5016 | D        | Bought a potion of haste for 110 gold pieces
  5016 | D        | Bought a potion of mutation for 88 gold pieces
  5016 | D        | Bought a potion of curing for 33 gold pieces
  5018 | D        | Bought a scroll of fog for 28 gold pieces
  5018 | D        | Bought a scroll of fog for 28 gold pieces
  5020 | D        | Bought a glowing cloak for 270 gold pieces
  5041 | D        | Bought a potion of mutation for 304 gold pieces
  5043 | D        | Bought 2 potions of resistance for 280 gold pieces
  5043 | D        | Bought a potion of berserk rage for 70 gold pieces
  5043 | D        | Bought a potion of mutation for 112 gold pieces
  5156 | D        | Got the Orb of Zot
  5228 | D        | Escaped with the Orb!

Illustrated notes

Levels and vault maps discovered:
D:        dungeon_sprint_1 [red_sonja_temple_1, red_sonja_temple_small_1]

Skill      XL: |  1  2  3  4  5  6  7  8  9 10 11 12 |
---------------+-------------------------------------+-----
Dodging        | 2 3 4 5 6 7 8 9 11 | 11.0
Unarmed Combat | 5 6 8 9 10 11 12 13 16 17 19 | 19.5
Transmutations | 2 3 4 5 6 8 9 10 11 13 | 13.0
Spellcasting   | 2 3 4 5 6 7 9 10 | 10.6
Stealth        | 1 2 3 |  3.5
Fighting       | 1 2 4 5 6 |  6.2
Ice Magic      | 2 4 |  4.7
Evocations     | 1 2 |  2.5
Shields        | 1 |  1.0
Poison Magic   | |  0.8

Action                   |  1- 3 |  4- 6 |  7- 9 | 10-12 || total
-------------------------+-------+-------+-------+-------++-------
Melee: Unarmed           |     4 |    14 |    41 |   162 ||   221
       Kick              |     2 |     6 |     3 |       ||    11
       Headbutt          |       |     3 |     2 |       ||     5
       Punch             |       |     1 |       |    11 ||    12
       Bite              |       |       |       |     7 ||     7
       Tailslap          |       |       |       |     5 ||     5
 Cast: Beastly Appendage |     3 |     3 |     1 |     1 ||     8
       Wereblood         |     2 |     3 |     2 |     6 ||    13
       Ice Form          |       |       |     4 |     9 ||    13
       Blade Hands       |       |       |       |     7 ||     7
       Dragon Form       |       |       |       |     9 ||     9
       Spider Form       |       |       |       |     1 ||     1
Invok: Potion Petition   |       |       |       |     5 ||     5
       Call Merchant     |       |       |       |     7 ||     7
 Abil: End Transformatio |       |       |       |     1 ||     1
Evoke: Wand              |     1 |       |     1 |     5 ||     7
       Tin of tremorston |       |       |       |     2 ||     2
  Use: Potion            |     1 |     1 |     2 |     3 ||     7
       Scroll            |       |       |     2 |     7 ||     9
 Stab: Distracted        |       |       |       |     2 ||     2
       Sleeping          |       |       |       |     1 ||     1
Armor: Robe              |       |     3 |     4 |     8 ||    15
       Skin              |       |       |    11 |    27 ||    38
Dodge: Dodged            |     2 |     5 |    26 |    63 ||    96
Block: Other             |       |       |       |    25 ||    25
       Reflection        |       |       |       |     2 ||     2

Table legend: (Time is in decaauts)
 A = Elapsed time spent in this place.
 B = Non-inter-level travel time spent in this place.
 C = Inter-level travel time spent in this place.
 D = Time resting spent in this place.
 E = Time spent auto-exploring this place.
 F = Levels seen in this place.
 G = Mean time per level.
                   A        B        C        D        E       F      G
               +--------+--------+--------+--------+--------+-----+--------+
         Total |   5131 |   5100 |     31 |   2911 |      0 |   1 | 5131.0 |
       Dungeon |   5131 |   5100 |     31 |   2911 |      0 |   1 | 5131.0 |
               +--------+--------+--------+--------+--------+-----+--------+

Top non-repeatable levels by time:
       D: 5131 daAuts
